 Dungeon Crawl Stone Soup version 0.30-a0-23-ge60ba3568b (webtiles) character file.

Game seed: 9556895103500785601

115 Zonian the Sneak (level 4, -3/21 (23) HPs)
             Began as a Spriggan Brigand on Aug 25, 2022.
             Slain by a wight
             ... wielding a +3 spear of freezing
              (4 damage)
             ... on level 3 of the Dungeon.
             The game lasted 00:04:24 (3095 turns).

Zonian the Sneak (Spriggan Brigand)                 Turns: 3095, Time: 00:04:26

HP:   -3/21 (23)    AC:  3    Str:  7    XL:     4   Next: 68%
MP:   5/5           EV: 18    Int: 12    God:
Gold: 129           SH:  0    Dex: 18    Spells: 3/3 levels left

rFire   . . .      SeeInvis +    m - +2 short sword (speed)
rCold   . . .      Faith    .    (no shield)
rNeg    . . .      Spirit   .    b - +0 robe
rPois   +          Reflect  .    (helmet restricted)
rElec   .          Harm     .    c - +0 cloak
rCorr   .          Rampage  .    (gloves unavailable)
Will    .....                    (boots unavailable)
Stlth   ++++......               (no amulet)
HPRegen 0.07/turn                k - ring of poison resistance
MPRegen 0.09/turn                (no ring)

@: drained, very quick
A: very small, no large weapons, unfitting armour, see invisible, speed 3
a: no special abilities


You were on level 3 of the Dungeon.
You visited 1 branch of the dungeon, and saw 3 of its levels.

You collected 129 gold pieces.

Inventory:

Hand Weapons
 a - a +2 dagger
 l - a +0 dagger of protection
 m - a +2 short sword of speed (weapon)
Missiles
 d - 14 poisoned darts (quivered)
 e - 3 curare-tipped darts
Armour
 b - a +0 robe (worn)
 c - a +0 cloak (worn)
Jewellery
 k - a ring of poison resistance (left hand)
Scrolls
 j - a scroll of torment {unknown}
 n - a scroll of butterflies {unknown}
Potions
 f - 2 potions of lignification {unknown}
 g - a potion of berserk rage {unknown}
 h - a potion of curing {unknown}
 i - 3 potions of might {unknown}


   Skills:
 + Level 2.2 Fighting
 + Level 3.1 Short Blades
 + Level 2.8 Throwing
 + Level 2.9 Dodging
 + Level 6.7 Stealth


You had 3 spell levels left.
You didn't know any spells.
Your spell library contained the following spells:

 Spells                   Type           Power      Damage    Failure   Level
 Beastly Appendage        Tmut           0%         N/A       32%         1
 Wereblood                Tmut           0%         N/A       45%         2
 Spider Form              Tmut/Pois      0%         N/A       69%         3


Dungeon Overview and Level Annotations

Branches:
Dungeon (3/15)

Altars:

Annotations:
D:2 Terence


Innate Abilities, Weirdness & Mutations

You are very small and have problems with some larger weapons.
You are too small for most types of armour.
You have supernaturally acute eyesight. (SInv)
You cover ground extremely quickly. (Speed+++)


Message History

You miss the jackal.
The jackal is moderately wounded.
The jackal closely misses you.
You hit the jackal.
You kill the jackal!
No target in view!
No target in view!
Found a stone staircase leading down.
There is a stone staircase leading down here.
Found an escape hatch in the floor.
Unknown command.
There is an escape hatch in the floor here.
There is a stone staircase leading down here.
Done exploring.
Done exploring.
Unknown command.
(D) Dungeon
Where to? (Enter - D:1 @ (x,y), ? - help)
There is a stone staircase leading down here.
You climb downwards.
There is a stone staircase leading up here.
Unknown command.
A wight comes into view. It is wielding a +0 spear.
A wight is nearby!
Unknown command. 2 wights come into view.
A wight is wielding a +3 spear of freezing.
The wight closely misses you.
A frilled lizard comes into view.
You barely miss the wight. The wight barely misses you.
The wight hits you from afar with a +3 spear of freezing!
The wight freezes you.
You barely miss the wight. You closely miss the wight.
The wight hits you from afar with a +3 spear of freezing!
* * * LOW HITPOINT WARNING * * *
You feel drained.
* * * LOW HITPOINT WARNING * * *
The wight freezes you.
You die...

#.#...#
#...###
##.##
#.# #.#
#.# #.#
#.# #@#
#z# #z#
..z ...
#.##.
#. . #.
l.


You could see 3 wights and a frilled lizard (asleep).

Vanquished Creatures
  A gnoll bouda (D:2)
  4 gnolls (D:2)
  5 endoplasms
  4 giant cockroaches
  6 hobgoblins
  4 jackals (D:2)
  5 kobolds
  2 quokkas
  4 ball pythons
  5 bats
  4 frilled lizards
  2 goblins
  2 rats (D:2)
48 creatures vanquished.

Notes
Turn   | Place    | Note
-------+----------+-------------------------------------------
     0 | D:1      | Zonian the Spriggan Brigand began the quest for the Orb.
     0 | D:1      | Reached XP level 1. HP: 10/10 MP: 2/2
   313 | D:1      | Reached skill level 6 in Stealth
   327 | D:1      | Found a faded altar of an unknown god.
   332 | D:1      | Reached XP level 2. HP: 14/15 MP: 3/3
  1050 | D:2      | Reached XP level 3. HP: 11/18 MP: 4/4
  1744 | D:2      | Reached XP level 4. HP: 5/23 MP: 5/5
  2345 | D:2      | Noticed Terence
  3095 | D:3      | HP: 1/21 [wight/+3 spear of freezing (2)]
  3095 | D:3      | Slain by a wight

Illustrated notes

Levels and vault maps discovered:
D:1:      co_arrival_random_square_maze, layout_basic,
          hellmonk_ecumenical_altar_zigzags, minmay_tiny_reverse_x
D:2:      layout_basic, uniq_terence
D:3:      layout_loops_ring, nicolae_sif_muna_little_library, st_stairs_5

Skill      XL: |  1  2  3  4 |
---------------+-------------+-----
Stealth        | 6 |  6.7
Dodging        | 2 |  2.9
Fighting       | 2 |  2.2
Short Blades   | 3 |  3.1
Throwing       | |  2.8

Action                   |  1- 3 |  4- 6 || total
-------------------------+-------+-------++-------
Melee: Dagger            |   138 |       ||   138
       Short sword       |     7 |    50 ||    57
       Punch             |       |     1 ||     1
Throw: Dart              |     1 |       ||     1
 Stab: Sleeping          |    13 |       ||    13
       Distracted        |       |     1 ||     1
Armor: Robe              |    39 |     2 ||    41
Dodge: Dodged            |    99 |    25 ||   124

Table legend: (Time is in decaauts)
 A = Elapsed time spent in this place.
 B = Non-inter-level travel time spent in this place.
 C = Inter-level travel time spent in this place.
 D = Time resting spent in this place.
 E = Time spent auto-exploring this place.
 F = Levels seen in this place.
 G = Mean time per level.
                   A        B        C        D        E       F      G
               +--------+--------+--------+--------+--------+-----+--------+
         Total |   2431 |   2402 |     29 |    804 |   1106 |   3 |  810.3 |
       Dungeon |   2431 |   2402 |     29 |    804 |   1106 |   3 |  810.3 |
               +--------+--------+--------+--------+--------+-----+--------+

Top non-repeatable levels by time:
     D:1: 1222 daAuts
     D:2: 1197 daAuts
     D:3: 11 daAuts
